[Event "LTU-ch Women 2020"]
[Site "Vilnius"]
[Date "2020.11.24"]
[Round "6.4"]
[White "Saumanaite, Skaiste"]
[Black "Sitkauskaite, Ieva"]
[Result "1-0"]
[ECO "E11"]
[WhiteElo "2033"]
[BlackElo "1367"]
[Annotator "ChessBase"]
[PlyCount "83"]
[EventDate "2020.11.20"]
[EventType "swiss"]
[EventCountry "LTU"]
[SourceTitle "playchess.com"]
[Source "ChessBase"]
[SourceQuality "1"]
[TimeControl "40/5400+30:1800+30"]

1. d4 Nf6 2. c4 e6 3. Nf3 Bb4+ 4. Bd2 a5 5. Qc2 O-O 6. g3 d6 7. Bg2 Nbd7 8. e4 Bxd2+ 9. Nbxd2 e5 10. d5 Nc5 11. O-O Nh5 12. Nh4 g6 13. Bf3 Ng7 14. Bg2 f5 15. exf5 Nxf5 16. Nxf5 Bxf5 17. Ne4 Qe7 18. b3 Bxe4 19. Bxe4 Nxe4 20. Qxe4 Qf6 21. Kg2 Rf7 22. Rae1 Raf8 23. f4 Qf5 24. Qxf5 Rxf5 25. fxe5 Rxf1 26. Rxf1 Rxf1 27. Kxf1 dxe5 28. Ke2 Kf7 29. Ke3 Kf6 30. Ke4 h6 31. a3 h5 32. h3 c6 33. dxc6 bxc6 34. b4 axb4 35. axb4 Ke6 36. b5 c5 37. b6 Kd6 38. b7 Kc7 39. b8=Q+ Kxb8 40. Kxe5 Kb7 41. Kd5 g5 42. Kxc5 1-0

[Event "LTU-ch Women 2020"]
[Site "Vilnius"]
[Date "2020.11.24"]
[Round "6.5"]
[White "Sulikiene, Kristina"]
[Black "Sukyte, Kotryna"]
[Result "1/2-1/2"]
[ECO "B02"]
[WhiteElo "1892"]
[BlackElo "1405"]
[Annotator "NA"]
[PlyCount "109"]
[EventDate "2020.11.20"]
[EventType "swiss"]
[EventCountry "LTU"]
[SourceTitle "playchess.com"]
[Source "ChessBase"]
[SourceQuality "1"]
[TimeControl "40/5400+30:1800+30"]

1. e4 Nf6 2. Nc3 d5 3. exd5 Nxd5 4. Bc4 Nb6 5. Bb3 c5 6. a4 (6. d3 $11) 6... c4 7. Ba2 Nc6 8. d3 cxd3 9. cxd3 Nb4 10. Bb1 Bf5 11. a5 N6d5 12. Qa4+ Bd7 13. Qb3 Bc6 14. Nxd5 (14. Ne4 $11 {keeps the balance.}) 14... Qxd5 15. Qxd5 ({Don't go for} 15. Qxb4 $2 Qxg2 16. Be3 Qxh1 $19) 15... Bxd5 16. f3 Rc8 17. Ne2 e5 18. Nc3 Be6 19. Be3 Bc5 20. Bxc5 Rxc5 21. O-O O-O 22. f4 Rd8 23. f5 Bd5 24. Ra4 Nc6 25. a6 b6 26. Nxd5 Rdxd5 27. Rc4 Rxc4 28. dxc4 Rd4 29. b3 f6 30. Rc1 Nb4 31. Kf2 Nxa6 32. Ke3 Kf8 33. Bc2 Nb4 ({Better is} 33... Nc5 34. Rd1 Rxd1 35. Bxd1 a5) 34. Be4 Ke7 35. c5 Kd7 36. Ra1 bxc5 (36... Nc6 $15 37. Bxc6+ Kxc6 38. Rxa7 Rg4) 37. Rxa7+ Kd6 38. Rxg7 Nd5+ 39. Bxd5 Kxd5 40. Rxh7 e4 $2 {[%emt 0:01:10] [#]} 41. Rb7 $2 ({Only move:} 41. Rd7+ $1 $18 Ke5 42. Rxd4 cxd4+ 43. Kd2) 41... Ke5 42. Rb5 Rd3+ 43. Ke2 Kxf5 44. Rxc5+ Kg4 45. b4 Rb3 46. b5 f5 47. h3+ Kf4 48. h4 Rb2+ 49. Kd1 $2 ({White has to play} 49. Kf1 $15) 49... Rxg2 50. Rc2 Rxc2 $11 ({Better is} 50... Rg1+ $19 51. Ke2 Rb1) 51. Kxc2 Kf3 52. b6 e3 53. b7 e2 54. b8=Q e1=Q 55. Qb3+ 1/2-1/2